 Dungeon Crawl Stone Soup version 0.29-a0-359-g541a27f54d (webtiles) character file.

Game seed: 14464121114650308081

24 noodleboyJ the Conjurer (level 2, -1/20 HPs)
             Began as a Draconian Conjurer on Apr 27, 2022.
             Slain by a ball python (2 damage)
             ... on level 1 of the Dungeon.
             The game lasted 00:03:06 (1039 turns).

noodleboyJ the Conjurer (Draconian Conjurer)        Turns: 1039, Time: 00:03:07

Health: -1/20      AC:  4    Str:  9    XL:     2   Next: 79%
Magic:  3/5        EV:  9    Int: 18    God:
Gold:   40         SH:  0    Dex:  9    Spells: 4/5 levels left

rFire   . . .      SeeInvis .   b - +1 dagger
rCold   . . .      Faith    .   (no shield)
rNeg    . . .      Spirit   .   (body armour unavailable)
rPois   .          Reflect  .   (helmet restricted)
rElec   .          Harm     .   (no cloak)
rCorr   .          Rampage  .   (no gloves)
Will    .....                   (no boots)
Stlth   ++........              (no amulet)
HPRegen 0.06/turn               (no ring)
MPRegen 0.09/turn               (no ring)

@: weak-willed, slowed, constricted, very slow
A: AC +4, unfitting armour, cold-blooded
a: no special abilities


You were on level 1 of the Dungeon.
You visited 1 branch of the dungeon, and saw 2 of its levels.

You collected 40 gold pieces.

Inventory:

Hand Weapons
 b - a +1 dagger (weapon)
Potions
 a - a potion of magic
 c - 2 potions of brilliance {unknown}
 g - a potion of lignification {unknown}


   Skills:
 + Level 0.2 Fighting
 + Level 1.9 Dodging
 + Level 1.9 Stealth
 + Level 2.1 Spellcasting
 + Level 4.6 Conjurations


You had 4 spell levels left.
You knew the following spells:

 Your Spells              Type           Power      Damage    Failure   Level
a - Magic Dart            Conj           72%        1d6       2%          1

Your spell library contained the following spells:

 Spells                   Type           Power      Damage    Failure   Level
 Searing Ray              Conj           36%        2d5       4%          2
 Dazzling Flash           Conj/Hex       20%        N/A       21%         3
 Fulminant Prism          Conj/Hex       5%         3d7       56%         4
 Iskenderun's Mystic Bla  Conj/Tloc      10%        2d4       56%         4


Dungeon Overview and Level Annotations

Branches:
Dungeon (2/15)

Altars:


Innate Abilities, Weirdness & Mutations

Your plain brown scales are hard. (AC +4)
You cannot fit into any form of body armour.
You are cold-blooded and may be slowed by cold attacks.


Message History

The jackal barely misses you. The endoplasm freezes you.
You are frozen.
You feel yourself slow down. The endoplasm attacks as you move away!
The endoplasm barely misses you.
You feel yourself speed up.
The jackal bites you but does no damage.
The endoplasm hits you but does no damage.
The jackal barely misses you.
The ball python attacks as you move away!
The ball python bites you. The ball python closely misses you.
The endoplasm attacks as you move away! The endoplasm hits you.
The endoplasm attacks as you move away! The endoplasm closely misses you.
The ball python misses you. The ball python grabs you.
The ball python constricts you.
You escape the ball python's grasp.
The endoplasm attacks as you move away!
The endoplasm hits you but does no damage.
The endoplasm attacks as you move away! The endoplasm misses you.
The endoplasm attacks as you move away! The endoplasm closely misses you.
The endoplasm attacks as you move away! The endoplasm barely misses you.
As you read the scroll labelled LEODDU FUIVVE, it crumbles to dust.
Your body is wracked with pain!
* * * LOW HITPOINT WARNING * * *
The endoplasm convulses!
The ball python convulses!
It was a scroll of torment.
The endoplasm misses you.
As you read the scroll labelled IRCHUA VU TOCAS, it crumbles to dust.
It is a scroll of enchant weapon.
Your +0 dagger glows red for a moment.
The endoplasm freezes you.
You are frozen.
* * * LOW HITPOINT WARNING * * *
You feel yourself slow down.
As you read the scroll labelled NEEC KIFFARIPH, it crumbles to dust.
Magic quickly surges around you.
It was a scroll of vulnerability.
The endoplasm hits you but does no damage.
The ball python closely misses you. The ball python grabs you.
The ball python constricts you.
* * * LOW HITPOINT WARNING * * *
The endoplasm closely misses you. The ball python bites you.
You die...

.....# #.....##..♣P## .
.....###.....##..≈≈.## .
.............##.≈≈≈≈.# .
##..###..w...##..≈≈≈.#####..####.
.....(......h...##...............
_............h.S.#....#..........
........##.##lhJ............###.#
##.......#.#..###Jl..#.....##....
..............#.@SJ..#...(#.....<
............#.###....#.....##....
##..###.....................###.#
....................#..#.........
...........#..#####..............
...........##.######........####.
....##.....##...........##.#...#.
........##.##########..........#.
#.########.# #....#.#..#..


You could see 2 endoplasms, a ball python (weak-willed) and a frilled lizard.

Vanquished Creatures
  A dart slug (D:1)
  4 ball pythons
  4 endoplasms (D:1)
  A giant cockroach (D:1)
  2 goblins (D:1)
  A hobgoblin (D:1)
  A jackal (D:1)
  A quokka (D:1)
  2 frilled lizards (D:1)
  2 kobolds (D:1)
  A rat (D:1)
20 creatures vanquished.

Notes
Turn   | Place    | Note
-------+----------+-------------------------------------------
     0 | D:1      | noodleboyJ the Draconian Conjurer began the quest for the
                  | Orb.
     0 | D:1      | Reached XP level 1. HP: 14/14 MP: 3/3
   185 | D:1      | Found a faded altar of an unknown god.
   250 | D:1      | Reached XP level 2. HP: 17/20 MP: 0/5
   674 | D:1      | You fall into a shaft and drop 1 floor!
  1039 | D:1      | HP: 1/20 [constriction (1)]
  1039 | D:1      | Slain by a ball python

Illustrated notes

Levels and vault maps discovered:
D:1:      erik_arrival_blinker_ship, layout_rooms,
          hellmonk_ecumenical_altar_lost_god, serial_bayou_pond_d,
          chequers_big_river
D:2:      layout_basic, minmay_randomly_rotated_circles, uniq_robin

Action                   || total
-------------------------++-------
Melee: Dagger            ||    46
       Unarmed           ||     3
       Tailslap          ||     3
 Cast: Magic Dart        ||    41
  Use: Scroll            ||     4
Armor: Skin              ||    33
Dodge: Dodged            ||    57

Table legend: (Time is in decaauts)
 A = Elapsed time spent in this place.
 B = Non-inter-level travel time spent in this place.
 C = Inter-level travel time spent in this place.
 D = Time resting spent in this place.
 E = Time spent auto-exploring this place.
 F = Levels seen in this place.
 G = Mean time per level.
                   A        B        C        D        E       F      G
               +--------+--------+--------+--------+--------+-----+--------+
         Total |   1042 |   1042 |      0 |    134 |    745 |   2 |  521.0 |
       Dungeon |   1042 |   1042 |      0 |    134 |    745 |   2 |  521.0 |
               +--------+--------+--------+--------+--------+-----+--------+

Top non-repeatable levels by time:
     D:1: 1027 daAuts
     D:2: 14 daAuts
